 Dungeon Crawl Stone Soup version 0.32-a0-876-gcfddb08e57 (webtiles) character file.

Game seed: 9377122513673800366

469 mparten the Shield-Bearer (level 7, -2/48 (56) HPs)
             Began as a Formicid Fighter on Mar 31, 2024.
             Slain by a wight
             ... wielding a +2 flail
              (8 damage)
             ... on level 4 of the Dungeon.
             The game lasted 00:06:25 (2629 turns).

mparten the Shield-Bearer (Formicid Fighter)        Turns: 2629, Time: 00:06:26

HP:   -2/48 (56)    AC: 13    Str: 22    XL:     7   Next: 31%
MP:   7/7           EV:  7    Int:  8    God:
Gold: 214           SH:  5    Dex: 13    Spells: 6/6 levels left

rFire   . . .        a - +0 war axe
rCold   . . .        c - +0 buckler
rNeg    . . .        h - +0 chain mail
rPois   +            (helmet unavailable)
rElec   .            (no cloak)
rCorr   .            (no gloves)
SInv    +            d - +2 pair of boots
Will    .....        p - amulet of regeneration Stlth
                     t - ring of poison resistance
HPRegen 1.08/turn    (no ring)
MPRegen 0.10/turn

%: no passive effects
@: heavily drained
A: permanent stasis, dig shafts and tunnels, antennae 3, four strong arms
a: Dig, Shaft Self


You were on level 4 of the Dungeon.
You visited 1 branch of the dungeon, and saw 4 of its levels.

You collected 214 gold pieces.

Inventory:

Hand Weapons
 a - a +0 war axe (weapon)
Armour
 c - a +0 buckler (worn)
 d - a +2 pair of boots (worn)
 h - a +0 chain mail (worn)
 r - a +1 animal skin
Jewellery
 e - an amulet of guardian spirit
 p - an amulet of regeneration (around neck)
 t - a ring of poison resistance (left hand)
 u - a ring of willpower
Wands
 q - a wand of polymorph (8)
Scrolls
 b - a scroll of fear {unknown}
 f - a scroll of torment {unknown}
 g - a scroll of teleportation {unknown}
 i - a scroll of vulnerability {unknown}
 j - a scroll of enchant weapon {unknown}
 k - a scroll of noise {unknown}
 l - a scroll of revelation {unknown}
 m - 2 scrolls of identify {unknown}
 o - a scroll of amnesia {unknown}
Potions
 n - a potion of haste {unknown}
 s - a potion of heal wounds {unknown}


   Skills:
 + Level 5.0 Fighting
 + Level 4.0 Axes
 + Level 5.1 Armour
 + Level 6.1 Shields


You had 6 spell levels left.
You didn't know any spells.
Your spell library contained the following spells:

 Spells                   Type           Power      Damage    Failure   Level
 Teleport Other           Tloc           0%         N/A       100%        3
 Dispersal                Tloc           0%         N/A       100%        6
 Gell's Gavotte           Tloc           0%         2d(11-16) 100%        6


Dungeon Overview and Level Annotations

Branches:
Dungeon (4/15)
 Temple: D:4-7

Altars:

Shops:
D:2 *


Innate Abilities, Weirdness & Mutations

You cannot be hasted, slowed, berserked, paralysed or teleported.
You can dig through walls and to a lower floor.
You have a pair of large antennae on your head. (SInv)
Your four strong arms can wield two-handed weapons with a shield.


Message History

The wight hits you but does no damage.
You barely miss the wight.
The wight is almost destroyed.
You hit the wight. The wight hits you but does no damage.
The wight barely misses you. The wight hits you but does no damage.
You block the wight's attack.
You closely miss the wight.
The wight is almost destroyed.
You hit the wight. The wight barely misses you.
The wight hits you with a +2 flail.
You feel drained.
You barely miss the wight.
The wight is almost destroyed.
You slash the wight!
You destroy the wight!
The wight barely misses you.
Your Fighting skill increases to level 5!
Your Axes skill increases to level 4!
You hit the wight but do no damage.
The wight is almost destroyed.
You hit the wight but do no damage. The wight hits you but does no damage.
The wight hits you with a +4 falchion of freezing!
You feel drained. The wight freezes you.
* * * LOW HITPOINT WARNING * * *
The wight hits you with a +4 falchion of freezing.
* * * LOW HITPOINT WARNING * * *
You feel drained. The wight freezes you.
* * * LOW HITPOINT WARNING * * *
The wight hits you with a +2 flail.
* * * LOW HITPOINT WARNING * * *
You barely miss the wight.
The wight is almost destroyed.
You hit the wight. You block the wight's attack.
The wight hits you with a +2 flail.
* * * LOW HITPOINT WARNING * * *
You feel drained.
* * * LOW HITPOINT WARNING * * *
You barely miss the wight.
The wight is almost destroyed.
You hit the wight. The wight hits you with a +2 flail!
You die...

..# #...# #.#
#..# #.#
#.###.### #.#
##.# #.#
.....## #.#
#.# #.# ######
#.# #.# #.#
#.#
#.####.#####.#
#.....$......#
#
######.#######
#z@.# #z### #.
#. #. #. .. ##


You could see 2 wights.

Vanquished Creatures
  The ghost of smashvw the Ruffian, an amateur TrBe of Trog (D:3)
  A phantom (D:3)
  2 wights (D:4)
  Jessica (D:2)
  Terence (D:3)
  An orc wizard (D:3)
  Robin (D:3)
  4 adders
  3 ribbon worms
  3 dart slugs (D:2)
  6 orcs (D:3)
  A bat (D:2)
  5 endoplasms
  3 giant cockroaches
  13 goblins
  7 hobgoblins
  2 jackals (D:2)
  2 kobolds
  3 quokkas
  2 ball pythons
  2 frilled lizards (D:3)
  3 rats
67 creatures vanquished.

Notes
Turn   | Place    | Note
-------+----------+-------------------------------------------
     0 | D:1      | mparten the Formicid Fighter began the quest for the Orb.
     0 | D:1      | Reached XP level 1. HP: 18/18 MP: 1/1
   111 | D:1      | Reached XP level 2. HP: 20/24 MP: 2/2
   599 | D:2      | Noticed Jessica
   606 | D:2      | Killed Jessica
   607 | D:2      | Reached XP level 3. HP: 21/30 MP: 3/3
   737 | D:2      | Reached XP level 4. HP: 37/37 MP: 4/4
   815 | D:2      | Found Oginusm's Assorted Antiques.
  1080 | D:2      | Found a faded altar of an unknown god.
  1390 | D:3      | Reached XP level 5. HP: 23/42 MP: 5/5
  1397 | D:3      | Reached skill level 5 in Shields
  1560 | D:3      | Noticed a phantom
  1573 | D:3      | Killed a phantom
  1574 | D:3      | Reached XP level 6. HP: 47/49 MP: 6/6
  1620 | D:3      | Noticed Terence
  1635 | D:3      | Killed Terence
  1801 | D:3      | Noticed Robin
  1823 | D:3      | Killed Robin
  1972 | D:3      | Found a runed translucent gate.
  1972 | D:3      | Found a runed translucent gate.
  1972 | D:3      | Found a runed translucent gate.
  1972 | D:3      | Noticed smashvw's ghost (amateur TrBe)
  2022 | D:3      | Killed smashvw's ghost
  2476 | D:4      | Reached XP level 7. HP: 49/55 MP: 7/7
  2617 | D:4      | Reached skill level 5 in Armour
  2617 | D:4      | Reached skill level 6 in Shields
  2627 | D:4      | Reached skill level 5 in Fighting
  2629 | D:4      | Slain by a wight

Illustrated notes

Levels and vault maps discovered:
D:1:      beargit_arrival_diablo_church, layout_basic
D:2:      layout_loops_ring, serial_shops, shop, serial_forest,
          infiniplex_forest_corner_1, infiniplex_forest_clump_small,
          infiniplex_forest_lined_ring, infiniplex_forest_side_room,
          infiniplex_forest_clump_C, infiniplex_forest_fountain,
          infiniplex_forest_zigzag_1, infiniplex_forest_lined_3,
          dreamdust_ecumenical_altar_statues, uniq_jessica
D:3:      layout_basic, serial_glass, glass_columns_b, glass_columns_b,
          ebering_ghost_rock_garden, skrybe_limestone_x, hex_large,
          minmay_misc_feat_chi, uniq_terence, uniq_robin
D:4:      layout_loops_ring

Skill      XL: |  1  2  3  4  5  6  7 |
---------------+----------------------+-----
Armour         | 4 5 |  5.1
Fighting       | 4 5 |  5.0
Axes           | 3 4 |  4.0
Shields        | 5 6 |  6.1

Action                     |  1- 3 |  4- 6 |  7- 9 || total
---------------------------+-------+-------+-------++-------
  Melee: War axe           |    33 |   153 |    22 ||   208
Ability: Dig               |       |       |     1 ||     1
    Use: Potion            |       |     1 |       ||     1
 Armour: Scale mail        |    12 |       |       ||    12
         Chain mail        |     9 |   152 |    28 ||   189
         Skin              |       |     1 |       ||     1
  Dodge: Dodged            |     9 |    57 |     9 ||    75
  Block: Buckler           |     7 |    50 |     6 ||    63

Table legend: (Time is in decaauts)
 A = Elapsed time spent in this place.
 B = Non-inter-level travel time spent in this place.
 C = Inter-level travel time spent in this place.
 D = Time resting spent in this place.
 E = Time spent auto-exploring this place.
 F = Levels seen in this place.
 G = Mean time per level.
                   A        B        C        D        E       F      G
               +--------+--------+--------+--------+--------+-----+--------+
         Total |   2706 |   2620 |     86 |    290 |   1716 |   4 |  676.5 |
       Dungeon |   2706 |   2620 |     86 |    290 |   1716 |   4 |  676.5 |
               +--------+--------+--------+--------+--------+-----+--------+

Top non-repeatable levels by time:
     D:3: 1154 daAuts
     D:2: 825 daAuts
     D:1: 548 daAuts
     D:4: 178 daAuts
